 Dungeon Crawl Stone Soup version 0.31-a0-188-g5e087ee2ca (webtiles) character file.

Game seed: 15621022899716795776

56 qw the Shooter (level 3, -4/20 HPs)
             Began as a Deep Elf Hunter on June 22, 2023.
             Slain by a hobgoblin (5 damage)
             ... led by Robin
             ... on level 2 of the Dungeon.
             The game lasted 00:00:19 (804 turns).

qw the Shooter (Deep Elf Hunter)                     Turns: 804, Time: 00:00:19

Health: -4/20      AC:  6    Str: 10    XL:     3   Next: 69%
Magic:  5/5        EV: 11    Int: 13    God:
Gold:   33         SH:  0    Dex: 18    Spells: 2/2 levels left

rFire   . . .        Y - +0 shortbow
rCold   . . .        (shield currently unavailable)
rNeg    . . .        e - +0 ring mail
rPois   .            (no helmet)
rElec   .            h - +0 cloak
rCorr   .            (no gloves)
SInv    .            (no boots)
Will    .....        (no amulet)
Stlth   +            (no ring)
HPRegen 0.23/turn    (no ring)
MPRegen 0.09/turn

%: no passive effects
@: about to teleport
A: no striking features
a: no special abilities


You were on level 2 of the Dungeon.
You visited 1 branch of the dungeon, and saw 2 of its levels.

You collected 72 gold pieces.
You spent 39 gold pieces at shops.


   Skills:
 - Level 1.5 Fighting
 + Level 7.2 Ranged Weapons
 - Level 2.4 Dodging
 - Level 1.2 Stealth


You had 2 spell levels left.
You didn't know any spells.
Your spell library was empty.

Inventory:

Hand Weapons
 Y - a +0 shortbow (weapon)
Armour
 e - a +0 ring mail (worn)
 h - a +0 cloak (worn)
Scrolls
 a - a scroll of enchant armour {unknown}
 c - 3 scrolls of amnesia {unknown}
Potions
 b - 2 potions of might {unknown}
 i - a potion of curing {unknown}

Dungeon Overview and Level Annotations

Branches:
Dungeon (2/15)

Altars:
Xom

Shops:
D:1 !(   D:2 *

Annotations:
D:2 Robin


Message History

The hobgoblin barely misses you. The goblin closely misses you.
The goblin misses you. The hobgoblin closely misses you.
The goblin hits you with a +0 club.
You shoot an arrow. The arrow closely misses the goblin.
The hobgoblin closely misses you.
The hobgoblin hits you but does no damage.
The goblin hits you but does no damage.
Robin hits you from afar with a +0 spear.
The goblin hits you but does no damage.
You shoot an arrow. The arrow hits the goblin!
You kill the goblin!
The goblin misses you. The goblin hits you but does no damage.
The hobgoblin barely misses you. The hobgoblin closely misses you.
The hobgoblin barely misses you.
Robin says, "Bow before me, strongest of all the hobgoblins!"
Robin barely misses you. The goblin hits you but does no damage.
You shoot an arrow. The arrow hits the hobgoblin.
The hobgoblin is severely wounded.
The goblin barely misses you. The hobgoblin barely misses you.
The goblin hits you with a +0 dagger. Robin throws the goblin at you!
The hobgoblin barely misses you. x2
The hobgoblin hits you but does no damage.
The goblin barely misses you.
You shoot an arrow. The arrow hits the hobgoblin.
You kill the hobgoblin!
The goblin barely misses you.
The hobgoblin hits you but does no damage.
The goblin barely misses you. The hobgoblin barely misses you.
Robin hits you from afar with a +0 spear.
The hobgoblin misses you. The goblin hits you but does no damage.
803 ||| READING scroll of teleportation.
As you read the scroll of teleportation, it crumbles to dust.
You feel strangely unstable. The goblin closely misses you.
The hobgoblin barely misses you. The goblin hits you but does no damage.
Robin barely misses you.
The hobgoblin closely misses you. x2; The goblin barely misses you.
You shoot an arrow. The arrow closely misses the hobgoblin.
The goblin hits you but does no damage. The goblin hits you with a +0 dagger.
The hobgoblin hits you.
You die...

#. .# ... .. .......#
#.. .. .. ......# #..
.#. #. ).....#
#..###.##.#........#
#........#$.##)....#
####...#..##.#.#.g...#
............##.g.)...#
.......##.##...g@g...#
.[........#.##.ggg...#
%.......#....#.#######
...............#
......#..##...##
...^).##..##..#
......###..#..####
).....##.....>...#
......##.........#


You could see Robin, 3 hobgoblins and 3 goblins.

Vanquished Creatures
  Terence (D:2)
  A dart slug (D:1)
  4 bats
  3 endoplasms
  9 goblins
  3 hobgoblins
  A quokka (D:1)
  3 ball pythons (D:1)
  A rat (D:2)
26 creatures vanquished.

Notes
Turn   | Place    | Note
-------+----------+-------------------------------------------
     0 | D:1      | qw the Deep Elf Hunter began the quest for the Orb.
     0 | D:1      | Reached XP level 1. HP: 12/12 MP: 3/3
     0 | D:1      | 0 ||| qw: Version: 0.3-a-9-g12657ce
     0 | D:1      | 0 ||| qw: Game counter: 2765
     0 | D:1      | 0 ||| qw: Always use a shield: true
     0 | D:1      | 0 ||| qw: God list: Okawaru
     0 | D:1      | 0 ||| qw: Allow faded altars: false
     0 | D:1      | 0 ||| qw: Do Orc after D:15 true
     0 | D:1      | 0 ||| qw: Do second Lair branch before Depths: true
     0 | D:1      | 0 ||| qw: Lair rune preference: random
     0 | D:1      | 0 ||| qw: Plans: Normal
     0 | D:1      | 0 ||| PLANNING D:1-11
   107 | D:1      | Found Ubukhluof's Distillery.
   117 | D:1      | 117 ||| SHOPLISTING 2 potions of curing (72 gold, have 24).
   117 | D:1      | 117 ||| SHOPLISTING potion of curing (36 gold, have 24).
   117 | D:1      | 117 ||| SHOPLISTING potion of haste (120 gold, have 24).
   117 | D:1      | 117 ||| SHOPLISTING potion of might (48 gold, have 24).
   117 | D:1      | 117 ||| SHOPLISTING potion of resistance (120 gold, have
                  | 24).
   135 | D:1      | Reached XP level 2. HP: 16/16 MP: 4/4
   180 | D:1      | Reached skill level 6 in Ranged Weapons
   208 | D:1      | Found Fuiwnouph's Weapon Shoppe.
   595 | D:1      | 595 ||| UPGRADING to +0 ring mail.
   605 | D:1      | 605 ||| DROPPING +0 leather armour.
   606 | D:1      | 606 ||| UPGRADING to +0 cloak.
   611 | D:1      | 611 ||| READING scroll labelled XODWOUSELI.
   612 | D:1      | 612 ||| READING 2 scrolls labelled RANLYQYLLU.
   617 | D:1      | 617 ||| DRINKING 2 fizzy coppery potions.
   618 | D:1      | 618 ||| DROPPING scroll of butterflies.
   619 | D:1      | 619 ||| DROPPING potion of invisibility.
   626 | D:2      | Found a shimmering altar of Xom.
   668 | D:2      | Noticed Terence
   678 | D:2      | Killed Terence
   679 | D:2      | Reached XP level 3. HP: 9/20 MP: 5/5
   736 | D:2      | Found Ceefahucua's Assorted Antiques.
   745 | D:2      | 745 ||| BUYING 2 fuming red potions (39 gold).
   745 | D:2      | Bought 2 fuming red potions for 39 gold pieces
   745 | D:2      | 745 ||| SHOPLISTING coppery potion (19 gold, have 8).
   745 | D:2      | 745 ||| SHOPLISTING puce potion (19 gold, have 8).
   745 | D:2      | 745 ||| SHOPLISTING scroll labelled KIEZEG DIEJEM (22 gold,
                  | have 8).
   745 | D:2      | 745 ||| SHOPLISTING scroll labelled WUZIUXE TACS (22 gold,
                  | have 8).
   745 | D:2      | 745 ||| SHOPLISTING scroll of identify (44 gold, have 8).
   745 | D:2      | 745 ||| SHOPLISTING sparkling golden ring (110 gold, have
                  | 8).
   753 | D:2      | Reached skill level 7 in Ranged Weapons
   792 | D:2      | Noticed Robin
   802 | D:2      | HP: 4/20 [Robin/+0 spear (2)]
   803 | D:2      | 803 ||| READING scroll of teleportation.
   804 | D:2      | HP: 1/20 [goblin/+0 dagger[Robin] (4)]
   804 | D:2      | Slain by a hobgoblin

Levels and vault maps discovered:
D:1:      dpeg_arrival_court, layout_basic, serial_shops,
          nicolae_shop_pleasant_corner_grove, shop
D:2:      layout_basic, basic_altar, serial_shops, nicolae_shop_crystal,
          minmay_tromino_v7, uniq_robin, uniq_terence

Skill      XL: |  1  2  3 |
---------------+----------+-----
Ranged Weapons | 6 7 |  7.2
Fighting       | |  1.5
Dodging        | |  2.4
Stealth        | |  1.2

Action                     || total
---------------------------++-------
   Fire: Shortbow          ||    69
    Use: Scroll            ||     3
         Potion            ||     1
 Armour: Leather armour    ||     1
         Ring mail         ||    16
  Dodge: Dodged            ||    36

Table legend:
 A = Non-vault XP
 B = Vault XP
 C = Vault XP percentage of total XP
 D = Non-vault monster count
 E = Vault monster count
 F = Vault count percentage of total count
                 A         B        C        D         E       F
            +---------+---------+-------+---------+---------+-------
      Total |      28 |      52 |  65.0 |      16 |      10 |  38.5
            +---------+---------+-------+---------+---------+-------
        D:1 |      24 |       0 |   0.0 |      13 |       0 |   0.0
        D:2 |       4 |      52 |  92.9 |       3 |      10 |  76.9
            +---------+---------+-------+---------+---------+-------
